Map: [ESL] Gresvan

Players

Kelazhur - Winner!

  • Race: Terran Terran
  • Spawn Location: 11:00

NightMare

  • Race: Protoss Protoss
  • League: Master
  • Spawn Location: 5:00

VOD

Have the link to the VOD?

Description

just for a test

Time

  • Played on: March 23, 2023, 8:10 a.m.
  • Length: 6:57
Show
View Real Time Build Order
Export as new Build Order

Kelazhur Terran - Winner!

Build Orders:  

Get SALT Encoding   

  12  0:00  SCV  
  13  0:12  SCV  
  14  0:17  Supply Depot  
  14  0:24  SCV  
  15  0:38  SCV  
  15  0:39  Barracks  
  16  0:43  Refinery  
  16  0:50  SCV  
  16  0:52  Refinery  
  17  1:02  SCV  
  18  1:15  SCV  
  19  1:26  Reaper  
  19  1:27  Orbital Command  
  20  1:34  Supply Depot  
  20  1:40  Factory  
  20  1:53  SCV  
  21  1:58  Reaper  
  22  2:05  SCV  
  23  2:16  Command Center  
  23  2:19  SCV  
  24  2:25  Hellion  
  26  2:31  Reaper  
  26  2:36  Supply Depot, SCV  
  28  2:46  Barracks  
  28  2:49  Hellion  
  28  2:50  SCV  
  31  3:02  SCV  
  32  3:08  Barracks Reactor  
  32  3:11  Factory Tech Lab  
  32  3:12  Barracks  
  32  3:14  SCV  
  33  3:27  SCV  
  33  3:30  Cyclone  
  35  3:39  SCV  
  36  3:45  Marine  
  36  3:46  Marine  
  36  3:47  Barracks Tech Lab  
  38  3:49  Orbital Command  
  38  3:53  SCV  
  37  3:56  Mag-Field Accelerator  
  37  4:00  Barracks Tech Lab  
  37  4:03  Cyclone, Marine x2  
  37  4:05  SCV  
  37  4:08  Marine  
  44  4:17  SCV  
  44  4:18  SCV  
  44  4:21  Marine x3  
  44  4:22  Stimpack, Supply Depot  
  49  4:27  Marine  
  49  4:29  Combat Shield  
  50  4:32  SCV  
  50  4:35  SCV  
  52  4:39  Marine x2  
  52  4:40  Supply Depot  
  52  4:43  Marine  
  52  4:44  SCV  
  56  4:46  Marine  
  56  4:47  Supply Depot  
  56  4:51  Cyclone  
  60  4:54  SCV  
  60  4:56  SCV  
  62  5:01  Marine x2  
  62  5:02  Marine  
  62  5:04  Supply Depot  
  65  5:13  Marine  
  66  5:15  SCV x2  
  66  5:19  Marine x2  
  66  5:20  Marine  
  71  5:23  Cyclone  
  71  5:27  SCV x2  
  76  5:31  Marine  
  75  5:37  Marine x2  
  75  5:38  Marine  
  75  5:39  SCV  
  79  5:44  Supply Depot  
  79  5:49  Marine  
  80  5:55  Cyclone, Marine x2  
  82  5:57  Marine  
  82  6:02  SCV  
  84  6:06  Marine  
  79  6:13  SCV, Marine x2  
  79  6:14  SCV  
  79  6:15  Marine  
  83  6:24  Marine  
  83  6:25  Engineering Bay  
  82  6:30  Marine x2  
  75  6:32  SCV  
  75  6:33  SCV, Marine  
  75  6:45  SCV  
Show
View Real Time Build Order
Export as new Build Order

NightMare Protoss 

Build Orders: 1 Gate Expand, Phoenix Opening 

Get SALT Encoding   

  12  0:00  Probe  
  13  0:12  Probe  
  14  0:17  Pylon  
  14  0:24  Probe (Chrono Boost)  
  15  0:37  Probe (Chrono Boost)  
  15  0:38  Gateway  
  16  0:45  Probe (Chrono Boost)  
  16  0:48  Assimilator  
  17  0:51  Probe  
  18  1:03  Probe  
  19  1:15  Probe  
  20  1:25  Cybernetics Core  
  20  1:33  Nexus  
  20  1:37  Probe  
  21  1:42  Pylon  
  21  1:48  Assimilator  
  21  1:49  Probe  
  22  1:59  Pylon  
  21  2:02  Adept (Chrono Boost), Probe  
  24  2:14  Probe  
  25  2:25  Adept  
  25  2:26  Probe  
  28  2:30  Stargate  
  28  2:38  Probe, Warp Gate  
  28  2:43  Pylon  
  29  2:45  Probe  
  29  2:50  Probe  
  31  2:55  Adept  
  31  2:58  Probe  
  34  3:02  Probe  
  35  3:09  Shield Battery  
  35  3:10  Probe  
  36  3:14  Phoenix (Chrono Boost)  
  36  3:18  Probe  
  39  3:22  Probe  
  40  3:30  Phoenix (Chrono Boost), Probe  
  44  3:34  Probe  
  42  3:42  Probe  
  42  3:46  Probe  
  44  3:49  Phoenix (Chrono Boost)  
  44  3:51  Gateway  
  44  3:54  Probe  
  47  3:58  Probe  
  47  4:02  Twilight Council  
  48  4:07  Probe  
  49  4:10  Probe  
  49  4:11  Pylon  
  52  4:18  Phoenix (Chrono Boost)  
  52  4:24  Nexus  
  52  4:32  Zealot, Charge (Chrono Boost)  
  52  4:35  Shield Battery  
  54  4:41  Gateway  
  54  4:46  Gateway  
  54  4:49  Gateway  
  54  4:56  Gateway  
  54  4:57  Phoenix (Chrono Boost)  
  56  5:01  Pylon  
  56  5:04  Probe x2  
  58  5:07  Zealot  
  58  5:11  Pylon  
  60  5:14  Phoenix  
  60  5:19  Pylon  
  60  5:20  Probe  
  63  5:21  Probe  
  62  5:37  Zealot x3  
  62  5:38  Phoenix (Chrono Boost)  
  70  5:42  Shield Battery  
  70  5:53  Zealot  
  70  5:54  Zealot x2  
  70  6:00  Zealot x3  
  76  6:06  Phoenix  
  70  6:15  Zealot x3  
  76  6:21  Zealot x3  
  62  6:35  Zealot x3  
  62  6:38  Gateway  
  58  6:44  Zealot x3  
Tags
 
Add a new tag
Caveats
  • Supply blocks, unpowered buildings, or Contaminate may cause inaccurate times.
  • Supply counts are checked every 10 seconds.